 Dungeon Crawl Stone Soup version 0.26-a0-438-g4b1dca4f87 (webtiles) character file.

Game seed: 14349498279045038137

192610 Ge0ff the Fencer (level 18, -12/149 HPs)
             Began as a Human Berserker on July 26, 2020.
             Was a High Priest of Trog.
             Hit by a large rock thrown by a stone giant (18 damage)
             ... on level 1 of the Shoals.
             The game lasted 01:27:32 (43130 turns).

Ge0ff the Fencer (Human Berserker)                 Turns: 43130, Time: 01:27:33

Health: -12/149    AC: 31    Str: 23    XL:     18   Next: 92%
Magic:  27/27      EV:  6    Int: 17    God:    Trog [*****.]
Gold:   2278       SH:  0    Dex: 17    Spells: 17/17 levels left

rFire    . . .     SeeInvis .   a - +4 demon blade (elec)
rCold    + + .     Faith    .   (no shield)
rNeg     + + .     Spirit   .   D - +5 gold dragon scales
rPois    +         Reflect  .   O - +2 helmet "Paruyggemn" {Dex+4}
rElec    +         Harm     .   z - +1 cloak {MR+}
rCorr    +                      r - +0 pair of gloves "Docofup" {rCorr MP+9}
MR       ++++.                  Q - +0 pair of boots of Xiaf {MR+ Str+2 Int+3}
Stlth    ..........             v - amulet "Duleir" {rElec rF- rN++ Regen+ Dex+2}
HPRegen  0.74/turn              s - ring "Kuammaat" {Ice *Drain MR+ Int+5 Dex-5, =R}
MPRegen  0.20/turn              V - ring of protection from fire

@: marked, berserk cooldown, held, slowed, studying Dodging, very slow
A: no striking features
}: 1/15 runes: serpentine
a: Berserk, Trog's Hand, Brothers in Arms, Renounce Religion


You were on level 1 of the Shoals.
You worshipped Trog.
Trog was extremely pleased with you.
You visited 6 branches of the dungeon, and saw 29 of its levels.

You collected 3255 gold pieces.
You spent 977 gold pieces at shops.

Inventory:

Hand Weapons
 a - a +4 demon blade of electrocution (weapon)
 b - the +3 great mace "Ygrupt" {vorpal, rElec rF+ rC+ Int-5 Stlth+}
   (Trog gifted it to you on level 6 of the Lair of Beasts)

   It inflicts extra damage upon your enemies.
   It affects your intelligence (-5).
   It protects you from fire.
   It protects you from cold.
   It insulates you from electricity.
   It makes you more stealthy.
 h - the +7 great mace "Undeadhunter" {disrupt, rN+}
   (You found it on level 1 of the Orcish Mines)

   It protects you from negative energy.
 w - the +10 dagger of Makhleb's Wrath {flame, +Rage Str+2 SInv}
   (You found it on level 1 of the Orcish Mines)

   It has been specially enchanted to burn those struck by it, causing extra
   injury to most foes and up to half again as much damage against particularly
   susceptible opponents.
   It affects your strength (+2).
   It lets you see invisible.
   It lets you go berserk.
 S - a +0 dagger of distortion
Missiles
 g - 3 throwing nets {=f}
 Y - 594 stones (quivered)
Armour
 k - a scarf of repulsion
 r - the +0 pair of gloves "Docofup" (worn) {rCorr MP+9}
   (You bought it in a shop on level 11 of the Dungeon)

   It affects your magic capacity (+9).
   It provides partial protection from all sources of acid and corrosion.
 z - a +1 cloak of magic resistance (worn)
 D - +5 gold dragon scales (worn)
 O - the +2 helmet "Paruyggemn" (worn) {Dex+4}
   (You found it on level 3 of the Snake Pit)

   It affects your dexterity (+4).
 Q - the +0 pair of boots of Xiaf (worn) {MR+ Str+2 Int+3}
   (You found it on level 1 of the Snake Pit)

   It affects your strength (+2).
   It affects your intelligence (+3).
   It affects your resistance to hostile enchantments.
Jewellery
 s - the ring "Kuammaat" (left hand) {Ice *Drain MR+ Int+5 Dex-5, =R}
   (You found it on level 1 of the Orcish Mines)

   [ring of ice]

   It enhances your ice magic.
   It affects your intelligence (+5).
   It affects your dexterity (-5).
   It makes you vulnerable to fire.
   It protects you from cold.
   It affects your resistance to hostile enchantments.
   It causes draining when unequipped.
 v - the amulet "Duleir" (around neck) {rElec rF- rN++ Regen+ Dex+2}
   (You found it on level 1 of the Orcish Mines)

   [amulet of regeneration]

   It affects your dexterity (+2).
   It makes you vulnerable to fire.
   It insulates you from electricity.
   It greatly protects you from negative energy.
   It increases your rate of regeneration.
 A - an uncursed ring of flight
 G - an uncursed ring of see invisible
 V - a ring of protection from fire (right hand)
 Z - an uncursed amulet of the acrobat {unknown}
Wands
 c - a wand of clouds (5)
 d - a wand of digging (2)
 e - a wand of enslavement (8)
 f - a wand of flame (37)
 j - a wand of acid (4)
 p - a wand of paralysis (12)
 x - a wand of random effects (24)
 P - a wand of polymorph (35)
Scrolls
 m - 5 scrolls of magic mapping
 y - 6 scrolls of immolation
 C - 11 scrolls of remove curse
 E - a scroll of fear
 J - a scroll of silence {!r}
 T - 15 scrolls of teleportation
Potions
 o - 5 potions of ambrosia
 q - 8 potions of curing
 I - 3 potions of invisibility
 K - 2 potions of magic {!q}
 M - 4 potions of might
 N - 3 potions of cancellation {!q}
 R - 2 potions of resistance
 W - 2 potions of heal wounds {!q}
 X - 7 potions of flight
Books
 n - a manual of Dodging
Miscellaneous
 t - a tin of tremorstones (1/3)
 U - a phantom mirror


   Skills:
 * Level 15.0 Fighting
 + Level 16.1 Long Blades
 + Level 16.0 Maces & Flails
 + Level 10.8 Armour
 + Level 13.3 Dodging
 - Level 2.0 Stealth
 + Level 10.0 Evocations


You had 17 spell levels left.
You didn't know any spells.
Your spell library was empty.

Dungeon Overview and Level Annotations

Branches:
Dungeon (15/15)            Temple (1/1) D:4            Lair (6/6) D:11
 Shoals (1/4) Lair:4        Snake (4/4) Lair:3        Slime (0/5) Lair:5
    Orc (2/2) D:11            Elf (0/3) Orc:2        Vaults (0/5) D:14
 Depths (0/5) D:15

Altars:
Ashenzari
Fedhas
Gozag
Okawaru
Qazlal
Ru
Trog
Uskayaw
Xom

Shops:
D:11 [[!   D:14 !   Orc:2 [(**   Snake:2 [

Portals:
Trove: D:11 (show abyssal rune of Zot)

Annotations:
Shoals:1 3 runed translucent doors


Message History

The burst of rock shards engulfs the merfolk!
You kill the merfolk!
Trog accepts your kill.
The burst of rock shards engulfs the stone giant.
The burst of rock shards engulfs you but does no damage.
The burst of rock shards engulfs the stone giant.
The burst of rock shards engulfs the water elemental!
You destroy the water elemental!
Trog accepts your kill.
The burst of rock shards engulfs the stone giant but does no damage.
The burst of rock shards engulfs the wind drake!
The burst of rock shards engulfs the stone giant.
The burst of rock shards engulfs you!
* * * LOW HITPOINT WARNING * * *
The wind drake is engulfed in poison gas.
The wind drake is poisoned.
The stone giant is engulfed in poison gas.
The stone giant looks even sicker.
The stone giant throws a large rock.
The large rock hits you!!
You die...

≈≈≈≈≈≈≈≈≈≈≈≈≈≈≈##.≈≈≈≈≈≈
≈≈≈≈≈≈≈≈≈≈≈≈≈≈..#.≈≈≈≈≈≈≈
≈≈≈≈≈≈≈≈..≈≈≈≈....≈≈≈≈≈≈≈≈
.≈≈≈≈≈H≈...§§§§.....≈≈≈≈≈≈≈
..≈..≈≈≈###§k§§.##..≈≈≈≈≈≈≈
...H...≈.###C§§§###.≈≈≈≈≈≈≈≈
.......H..###§§§≈...≈≈≈≈≈≈≈≈
#####.....# ##§§§≈≈≈≈≈≈≈≈≈≈≈
##...## ###@.≈≈≈≈≈≈≈≈≈≈
#...# ###.≈≈≈≈≈≈≈≈≈ #...#
##(((≈≈≈≈≈≈ #...###.#
#†≈≈≈≈≈≈≈≈ #.......#
#.<≈≈≈≈≈≈≈ +++##........[#
##.≈≈≈≈≈≈≈ .........##..>#
#..≈≈≈≈≈≈ ........≈. #.##
#..≈≈≈≈≈≈ ........... .#
....≈≈≈≈≈


You could see a stone giant (very poisoned) and a wind drake (repels missiles,
poisoned).

Vanquished Creatures
  Nikola (Snake:4)
  Kirke (Snake:3)
  Donald (Snake:3)
  5 nagarajas (Snake:4)
  A stone giant (Orc:1)
  2 merfolk javelineers (Shoals:1)
  Snorg (Lair:4)
  4 ettins
  Josephine (Orc:2)
  A fire dragon (D:14)
  A yaktaur captain (D:15)
  8 naga warriors
  Harold (Lair:1)
  3 vault guards (D:14)
  8 hydras
  3 catoblepae (Lair:6)
  13 anacondas
  5 centaur warriors
  A merfolk aquamancer (Shoals:1)
  Erica (D:10)
  A tengu warrior (D:14)
  An ogre mage (Orc:1)
  9 death yaks
  6 two-headed ogres
  Sonja (D:10)
  Urug (D:12)
  10 naga sharpshooters
  4 orc high priests
  Nergalle (D:10)
  6 shock serpents
  2 salamander mystics
  An unseen horror (D:11)
  4 sea snakes
  2 wizards (D:14)
  7 naga ritualists
  A glowing orange brain (D:15)
  5 mana vipers
  An obsidian statue (D:8)
  5 orc knights
  7 harpies (Shoals:1)
  A necromancer (D:14)
  2 ugly things
  4 orc sorcerers (Orc:2)
  16 cyclopes
  5 deep elf magi
  6 elephants
  4 manticores
  A faun (Shoals:1)
  8 salamanders
  32 black mambas
  15 guardian serpents
  A merfolk siren (Shoals:1)
  10 naga magi
  3 centaur zombies
  An ice statue (D:8)
  5 gargoyles
  Maurice (D:9)
  14 cane toads
  2 centaur skeletons
  Maggie (D:9)
  7 komodo dragons
  A kobold demonologist (D:15)
  2 yaktaurs
  3 meliai (Lair:4)
  2 merfolk (Shoals:1)
  A queen bee (Lair:4)
  9 trolls
  A polar bear (Lair:4)
  7 blink frogs
  2 hornets (D:9)
  4 slime creatures
  5 dream sheep (Lair:6)
  10 hippogriffs
  A centaur simulacrum (D:15)
  A spriggan (Lair:1)
  3 wyverns
  4 water elementals (Shoals:1)
  44 yaks
  Grum (D:9)
  21 humans
  3 shadows
  7 wraiths
  A hog (Snake:3)
  2 vampire mosquitoes (D:12)
  5 basilisks
  A steam dragon (D:11)
  5 wargs (Orc:1)
  7 acid dragons
  43 nagas
  A soldier ant (D:12)
  A naga (shapeshifter) (D:14)
  15 water moccasins
  7 porcupines
  25 orc warriors
  2 phantoms
  2 eyes of draining
  4 black bears
  2 ice beasts (D:11)
  3 sky beasts
  18 ogres
  A necrophage (D:13)
  21 centaurs
  15 crocodiles
  28 wolves
  19 bullfrogs
  2 wyvern zombies
  2 scorpions
  23 killer bees (Lair:4)
  17 wights
  4 howler monkeys
  4 electric eels
  5 jellies
  10 hounds
  18 orc priests
  24 orc wizards
  5 bullfrog skeletons
  Natasha (thrice) (D:2)
  2 iguanas
  11 worker ants
  A killer bee zombie (D:5)
  3 hound skeletons
  2 worker ant zombies
  11 adders
  10 gnolls
  A shadow imp (D:10)
  A white imp (D:5)
  2 ufetubi
  An ooze (D:1)
  An adder skeleton (D:9)
  6 worms
  3 leopard geckos
  72 orcs
  A ball python (D:2)
  4 giant cockroaches
  8 goblins
  4 hobgoblins
  2 jackals (D:7)
  3 quokkas
  8 bats
  7 frilled lizards
  A jackal zombie (D:9)
  9 kobolds
  2 quokka skeletons (D:9)
  8 rats
  A bush (Lair:3)
938 creatures vanquished.

Vanquished Creatures (collateral kills)
  A nagaraja (Snake:3)
  The ghost of pupurumpum the Blocker, a journeyman FoFi of Qazlal (Lair:6)
  3 naga sharpshooters
  A naga ritualist (Snake:4)
  An orc knight (Orc:2)
  2 black mambas (Snake:3)
  A naga mage (Snake:4)
  3 nagas (Snake:4)
  An orc (Orc:2)
14 creatures vanquished.

Vanquished Creatures (others)
  An anaconda (Snake:4)
  A shock serpent (Snake:2)
  A mana viper (Snake:4)
  9 fungi
  8 plants
20 creatures vanquished.

Grand Total: 972 creatures vanquished

Notes
Turn   | Place    | Note
-------+----------+-------------------------------------------
     0 | D:1      | Ge0ff the Human Berserker began the quest for the Orb.
     0 | D:1      | Reached XP level 1. HP: 18/18 MP: 1/1
    37 | D:1      | Reached XP level 2. HP: 24/24 MP: 2/2
   247 | D:1      | Reached skill level 1 in Stealth
   671 | D:1      | Reached XP level 3. HP: 29/29 MP: 3/3
  1301 | D:2      | Reached XP level 4. HP: 35/35 MP: 4/4
  1842 | D:2      | Noticed Natasha
  1846 | D:2      | Killed Natasha
  1846 | D:2      | Reached ** piety under Trog
  2204 | D:2      | Reached XP level 5. HP: 41/41 MP: 5/5
  2992 | D:2      | Noticed Natasha
  2997 | D:2      | Killed Natasha
  2997 | D:2      | Reached skill level 5 in Long Blades
  3206 | D:2      | Noticed Natasha
  3215 | D:2      | Killed Natasha
  3444 | D:3      | Found a shimmering altar of Xom.
  3827 | D:3      | Reached XP level 6. HP: 33/47 MP: 6/6
  4090 | D:3      | Found a stormy altar of Qazlal.
  4236 | D:3      | Reached *** piety under Trog
  4403 | D:4      | Noticed an ogre
  4415 | D:4      | Killed an ogre
  4415 | D:4      | Reached XP level 7. HP: 52/52 MP: 7/7
  4526 | D:4      | You fall into a shaft and drop 3 floors!
  4894 | D:7      | Reached XP level 8. HP: 60/60 MP: 8/8
  5382 | D:7      | Found a sacrificial altar of Ru.
  5539 | D:6      | Reached skill level 5 in Armour
  5648 | D:6      | Reached skill level 1 in Maces & Flails
  5707 | D:5      | Entered Level 5 of the Dungeon
  5752 | D:4      | Found a staircase to the Ecumenical Temple.
  5789 | Temple   | Entered the Ecumenical Temple
  6393 | D:5      | Reached XP level 9. HP: 60/65 MP: 9/9
  6661 | D:5      | Reached skill level 1 in Evocations
  7405 | D:6      | Reached skill level 5 in Maces & Flails
  8289 | D:8      | Reached **** piety under Trog
  8466 | D:8      | Noticed an ice statue
  8841 | D:8      | Noticed a two-headed ogre
  8854 | D:8      | Killed a two-headed ogre
  8856 | D:8      | Reached XP level 10. HP: 62/73 MP: 10/10
  9371 | D:8      | Reached skill level 5 in Fighting
  9591 | D:8      | Noticed an obsidian statue
  9923 | D:9      | Noticed Grum
  9935 | D:9      | Killed Grum
 10445 | D:9      | Noticed Maurice
 10453 | D:9      | Killed Maurice
 10642 | D:9      | Paralysed by a hornet for 2 turns
 11335 | D:9      | Found a blossoming altar of Fedhas.
 11716 | D:9      | Noticed Maggie
 11730 | D:9      | Killed Maggie
 11813 | D:9      | Noticed a two-headed ogre
 11823 | D:9      | Killed a two-headed ogre
 11823 | D:9      | Reached XP level 11. HP: 82/82 MP: 11/11
 11926 | D:10     | Entered Level 10 of the Dungeon
 12081 | D:10     | Noticed Nergalle
 12090 | D:10     | Killed Nergalle
 12090 | D:10     | Reached skill level 10 in Long Blades
 12286 | D:10     | Reached skill level 10 in Maces & Flails
 12686 | D:10     | Found a bloodstained altar of Trog.
 12718 | D:10     | Noticed Erica
 12734 | D:10     | Killed Erica
 12796 | D:10     | Noticed Sonja
 12801 | D:10     | Killed Sonja
 13664 | D:11     | Reached ***** piety under Trog
 13835 | D:11     | Found Vupsumpa's Antique Armour Boutique.
 13853 | D:11     | Bought a glowing cloak for 217 gold pieces
 13853 | D:11     | Bought an embroidered cloak for 217 gold pieces
 14215 | D:11     | Reached XP level 12. HP: 64/91 MP: 12/12
 14328 | D:11     | Found a staircase to the Lair.
 14718 | D:11     | Found a staircase to the Orcish Mines.
 14772 | D:11     | Killed an unseen horror
 15023 | D:11     | Found Noxkysaa's Antique Armour Shoppe.
 15479 | D:11     | Found Vibaoto's Distillery.
 15499 | D:11     | Bought a potion of heal wounds for 70 gold pieces
 15560 | D:11     | Found a portal to a secret trove of treasure.
 15852 | Orc:1    | Entered Level 1 of the Orcish Mines
 15988 | Orc:1    | Noticed a two-headed ogre
 15989 | Orc:1    | Noticed an orc high priest
 15990 | Orc:1    | Noticed an ogre mage
 15990 | Orc:1    | Noticed a two-headed ogre
 15992 | Orc:1    | Noticed an ettin
 15993 | Orc:1    | Noticed a sun demon
 15993 | Orc:1    | Killed an orc high priest
 15993 | Orc:1    | Killed a two-headed ogre
 15993 | Orc:1    | Killed an ogre mage
 16000 | Orc:1    | Killed a two-headed ogre
 16010 | Orc:1    | Killed an ettin
 16145 | Orc:1    | Reached XP level 13. HP: 50/100 MP: 13/13
 16164 | Orc:1    | Noticed an ettin
 17130 | Orc:1    | Received a gift from Trog
 17330 | D:11     | Bought a pair of slimy gloves for 266 gold pieces
 17340 | D:11     | Identified the +0 pair of gloves "Docofup" {rCorr MP+9}
                  | (You bought it in a shop on level 11 of the Dungeon)
 18438 | Orc:1    | Killed an ettin
 19341 | Orc:1    | Noticed an ettin
 19355 | Orc:1    | Killed an ettin
 20105 | Orc:1    | Noticed a stone giant
 20121 | Orc:1    | Killed a stone giant
 20236 | Orc:1    | Found the +7 great mace "Undeadhunter" {disrupt, rN+}
 20237 | Orc:1    | Found the +9 staff of Wucad Mu {channel}
 20243 | Orc:1    | Got a brightly glowing war axe
 20252 | Orc:1    | Identified the +4 war axe of Laceration {venom, Str+4} (You
                  | found it on level 1 of the Orcish Mines)
 20258 | Orc:1    | Got a bloodstained dagger
 20259 | Orc:1    | Identified the +10 dagger of Makhleb's Wrath {flame, +Rage
                  | Str+2 SInv} (You found it on level 1 of the Orcish Mines)
 20290 | Orc:1    | Got a scorched lead amulet
 20293 | Orc:1    | Identified the amulet "Duleir" {rElec rF- rN++ Regen+
                  | Dex+2} (You found it on level 1 of the Orcish Mines)
 20323 | Orc:1    | Got a steaming silver ring
 20325 | Orc:1    | Identified the ring "Kuammaat" {Ice *Drain MR+ Int+5 Dex-5}
                  | (You found it on level 1 of the Orcish Mines)
 20416 | Lair:1   | Entered Level 1 of the Lair of Beasts
 20595 | Lair:1   | Got a twisted scale mail
 20632 | Lair:1   | Identified the +1 scale mail of the Equator {rC++ Int+4
                  | Dex-4} (You found it on level 1 of the Lair of Beasts)
 20656 | Lair:1   | Noticed Harold
 20679 | Lair:1   | Killed Harold
 20823 | Lair:1   | Noticed a four-headed hydra
 20835 | Lair:1   | Killed a one-headed hydra
 21094 | Lair:1   | Reached XP level 14. HP: 109/109 MP: 14/14
 22398 | Lair:3   | Reached skill level 10 in Fighting
 22516 | Lair:3   | Found a staircase to the Snake Pit.
 23054 | Lair:3   | Reached skill level 5 in Dodging
 23666 | Lair:4   | Noticed Snorg
 23676 | Lair:4   | Killed Snorg
 24208 | Lair:4   | Found a staircase to the Shoals.
 24304 | Lair:4   | Reached skill level 5 in Evocations
 24351 | Lair:4   | Reached ****** piety under Trog
 24351 | Lair:4   | Received a gift from Trog
 25293 | Lair:5   | Found a staircase to the Slime Pits.
 26279 | Lair:6   | Entered Level 6 of the Lair of Beasts
 26292 | Lair:6   | Reached XP level 15. HP: 117/117 MP: 15/15
 26963 | Lair:6   | Got a jewelled war axe
 26964 | Lair:6   | Identified the cursed +2 war axe "Cyhotat" {vorpal, rF+
                  | Str+2} (You found it on level 6 of the Lair of Beasts)
 27169 | Lair:6   | Found a runed translucent door.
 27183 | Lair:6   | Received a gift from Trog
 27186 | Lair:6   | Got a slimy great mace {god gift}
 27187 | Lair:6   | Identified the +3 great mace "Ygrupt" {vorpal, rElec rF+
                  | rC+ Int-5 Stlth+} (Trog gifted it to you on level 6 of the
                  | Lair of Beasts)
 27191 | Lair:6   | Noticed pupurumpum's ghost (journeyman FoFi)
 27232 | Lair:6   | Killed pupurumpum's ghost
 28775 | Orc:2    | Entered Level 2 of the Orcish Mines
 28856 | Orc:2    | Noticed Josephine
 28949 | Orc:2    | Killed Josephine
 29037 | Orc:2    | Found a staircase to the Elven Halls.
 29569 | Orc:2    | Received a gift from Trog
 29610 | Orc:2    | Reached XP level 16. HP: 94/127 MP: 16/16
 30003 | Orc:2    | Found Xutuzac's Antique Armour Shoppe.
 30003 | Orc:2    | Found Nauhi's General Store.
 30005 | Orc:2    | Found Fawoceti's Assorted Antiques.
 30005 | Orc:2    | Found Cimubun's Antique Weapon Shoppe.
 30167 | Orc:2    | Bought a potion of heal wounds for 75 gold pieces
 30169 | Orc:2    | Bought a scroll labeled KEDGHI GECLAVVE for 36 gold pieces
 30169 | Orc:2    | Bought a scroll labeled JAMOAW TUH TASS for 36 gold pieces
 30895 | D:12     | Noticed Urug
 30912 | D:12     | Killed Urug
 32040 | D:13     | Received a gift from Trog
 32040 | D:13     | Reached skill level 15 in Maces & Flails
 32081 | D:13     | Reached skill level 15 in Long Blades
 32148 | D:13     | Reached skill level 10 in Dodging
 32331 | D:13     | Got a faintly humming buckler
 32778 | D:14     | Got a clouded copper ring
 32779 | D:14     | Identified the ring of Laury {rPois rC- EV+4 Dex+2} (You
                  | found it on level 14 of the Dungeon)
 33242 | D:14     | Found a gate to the Vaults.
 33537 | D:14     | Got an ivory shortbow {don't use}
 33870 | D:14     | Found Geaptocry's Distillery.
 33870 | D:14     | You fall into a shaft and drop 1 floor!
 33870 | D:15     | Entered Level 15 of the Dungeon
 34288 | D:14     | Bought a potion of heal wounds for 60 gold pieces
 34381 | D:15     | Found an iron altar of Okawaru.
 34413 | D:15     | Received a gift from Trog
 34534 | D:15     | Found a shattered altar of Ashenzari.
 34684 | D:15     | Noticed Nessos
 34685 | D:15     | Noticed Nessos
 34685 | D:15     | Nessos changed into Nessos the glowing orange brain
 34694 | D:15     | Killed Nessos the glowing orange brain
 34906 | D:15     | Found a staircase to the Depths.
 35512 | Snake:1  | Entered Level 1 of the Snake Pit
 35534 | Snake:1  | Reached XP level 17. HP: 110/136 MP: 17/17
 36564 | Snake:1  | Got a pair of bloodstained boots
 36578 | Snake:1  | Identified the cursed +0 pair of boots of Xiaf {MR+ Str+2
                  | Int+3} (You found it on level 1 of the Snake Pit)
 37188 | Snake:2  | Found Zoetae's Specialty Armours.
 37423 | Snake:2  | Got a heavily runed plate armour
 37424 | Snake:2  | Identified the +7 plate armour of Jofocah {rN+ Int+2} (You
                  | found it on level 2 of the Snake Pit)
 38455 | Snake:3  | Received a gift from Trog
 38740 | Snake:3  | Found an opulent altar of Gozag.
 38743 | Snake:3  | Noticed Nikola
 38809 | Snake:3  | Noticed Kirke
 38834 | Snake:3  | Killed Kirke
 38889 | Snake:3  | Identified a scroll of acquirement
 38890 | Snake:3  | Acquired a manual of Dodging
 38897 | Snake:3  | Noticed Donald
 38912 | Snake:3  | Killed Donald
 39326 | Snake:3  | Identified the +2 helmet "Paruyggemn" {Dex+4} (You found it
                  | on level 3 of the Snake Pit)
 39871 | Snake:4  | Entered Level 4 of the Snake Pit
 40374 | Snake:4  | Reached skill level 10 in Armour
 40563 | Snake:4  | Reached XP level 18. HP: 146/146 MP: 18/18
 40658 | Snake:4  | Received a gift from Trog
 40678 | Snake:4  | Got a scorched great sword {god gift}
 40679 | Snake:4  | Identified the +0 great sword of the Rat {vorpal, rPois
                  | Int+3} (Trog gifted it to you on level 4 of the Snake Pit)
 40921 | Snake:4  | Killed Nikola
 41909 | Snake:4  | Received a gift from Trog
 42720 | Snake:4  | Got a serpentine rune of Zot
 42974 | Shoals:1 | Entered Level 1 of the Shoals
 43077 | Shoals:1 | Found a runed translucent gate.
 43077 | Shoals:1 | Found a runed translucent gate.
 43077 | Shoals:1 | Found a runed translucent gate.
 43115 | Shoals:1 | Reached skill level 15 in Fighting
 43115 | Shoals:1 | Reached skill level 10 in Evocations
 43130 | Shoals:1 | HP: 5/149 [shot self (12)]
 43130 | Shoals:1 | Hit by a large rock thrown by a stone giant

Illustrated notes

Levels and vault maps discovered:
D:1:      minmay_arrival_stair_chambers, layout_loops_ring,
          minmay_stone_trees_small
D:2:      layout_basic, hex_intersection, uniq_natasha
D:3:      cheibrodos_pilgrimage, layout_basic, lemuel_doored_altar,
          lemuel_round_altar
D:4:      layout_basic, minmay_temple_entry_statues_pillars
D:5:      layout_gridville
D:6:      layout_cave_pools
D:7:      layout_loops_ring, nicolae_ru_awakened_eye
D:8:      minmay_separated_statues, layout_loops_corners, grunt_decor_arrowhead,
          hex_tiny
D:9:      layout_stronghold, basic_altar, uniq_maurice, uniq_grum, uniq_maggie
D:10:     layout_gridville, basic_altar, uniq_nergalle, uniq_erica, uniq_sonja
D:11:     layout_loops_corners, erik_lair_island, orc_0_dummy, enter_trove_3,
          serial_shops, shop_statue, nicolae_shop_competitors_out_of_business,
          nicolae_shop_overgrown_old_shop
D:12:     layout_gridville, uniq_urug
D:13:     layout_roguey
D:14:     layout_basic, grunt_vaults_entry_tiered, serial_shops, shop,
          chequers_decorated_corner
D:15:     grunt_enter_depths_snipers, layout_basic, basic_altar,
          serial_bayou_pond_d, okawaru_ov_weapons_minmay, uniq_nessos
Temple:   regret_index_temple_chain_breaker
Lair:1:   layout_loops_ring, grunt_forest_large_clearing_hut, uniq_harold
Lair:2:   layout_small_grid, grunt_forest_small_clearing_treed
Lair:3:   layout_cave_pods, guppyfry_snake_entry_garden,
          chequers_serial_rivers_room_b
Lair:4:   layout_roguey [special_room_bee], elwin_shoals_entry_rocks,
          chequers_serial_rivers_large_b, st_stairs_3,
          nicolae_lair_grove_arrangements, chequers_serial_rivers_micro_c,
          minivault_23, serial_bayou_shore_a, uniq_snorg
Lair:5:   layout_cave_shapes, minmay_slime_entry_pillars,
          chequers_serial_rivers_micro_e, serial_bayou_pond_e,
          beast_lair_carwin_4, grunt_megastairs_4
Lair:6:   evilmike_catoblepas_cave, layout_cave_pods,
          ebering_ghost_reflecting_pool, grunt_megastairs_1
Shoals:1: layout_shoals, ebering_ghost_gozag, st_sunken_temple
Snake:1:  layout_honeycomb, grunt_megastairs_2
Snake:2:  layout_onion, nicolae_barding_shop
Snake:3:  layout_misc_corridors, basic_altar, grunt_ministairs_4, uniq_kirke,
          uniq_nikola, uniq_donald
Snake:4:  grunt_snake_rune_serpentine_throne, layout_rooms, grunt_ministairs_13,
          nicolae_snake_single_loop, serial_bayou_ford_a, st_stairs_8
Orc:1:    giant_chief_lemuel, layout_caves
Orc:2:    grunt_orc_tribal_feast, layout_caves, uniq_josephine

Skill      XL: |  1  2  3  4  5  6  7  8  9 10 11 12 13 14 15 16 17 18 |
---------------+-------------------------------------------------------+-----
Stealth        | 1 2 |  2.0
Long Blades    | 4 5 6 7 8 9 11 12 13 14 15 16 | 16.1
Armour         | 3 4 5 6 8 9 10 | 10.8
Fighting       | 4 6 7 8 9 10 12 13 14 15 | 15.0
Maces & Flails | 4 8 9 11 12 13 14 15 16 | 16.0
Evocations     | 3 5 6 8 9 10 | 10.0
Dodging        | 3 7 9 10 12 13 | 13.3

Action                   |  1- 3 |  4- 6 |  7- 9 | 10-12 | 13-15 | 16-18 || total
-------------------------+-------+-------+-------+-------+-------+-------++-------
Melee: Falchion          |    61 |   207 |   115 |       |       |       ||   383
       Long sword        |       |       |   225 |   181 |       |       ||   406
       Scimitar          |       |       |       |   346 |   268 |       ||   614
       Demon blade       |       |       |       |       |  1089 |  1302 ||  2391
       Great mace        |       |       |       |       |     1 |    73 ||    74
       Dagger            |       |       |       |       |       |     1 ||     1
Throw: Stone             |    17 |    81 |   101 |    90 |   332 |   138 ||   759
Invok: Berserk           |     2 |     9 |     9 |    15 |    14 |    12 ||    61
       Trog's Hand       |       |       |       |     1 |     1 |     3 ||     5
       Brothers in Arms  |       |       |       |       |     2 |     4 ||     6
Evoke: Wand              |       |       |     2 |    32 |    16 |    15 ||    65
       Tin of tremorston |       |       |       |       |       |     8 ||     8
  Use: Scroll            |     3 |     2 |     8 |    12 |    10 |    25 ||    60
       Potion            |       |       |       |       |       |     5 ||     5
 Stab: Sleeping          |     1 |       |       |       |       |       ||     1
       Confused          |       |       |       |       |     1 |     1 ||     2
       Distracted        |       |       |       |       |     1 |       ||     1
       Paralysed         |       |       |       |       |       |     1 ||     1
Armor: Leather armour    |     9 |     2 |       |       |       |       ||    11
       Plate armour      |       |   111 |   238 |   431 |    77 |       ||   857
       Gold dragon scale |       |       |       |       |   666 |   913 ||  1579
Dodge: Dodged            |    37 |    50 |    93 |   178 |   268 |   471 ||  1097
       Repelled          |       |       |     2 |     1 |       |       ||     3
       Rpst.: Falchion   |    11 |    21 |     8 |       |       |       ||    40
       Long sword        |       |       |    17 |    14 |       |       ||    31
       Scimitar          |       |       |       |    25 |    15 |       ||    40
       Demon blade       |       |       |       |       |    56 |   110 ||   166

Table legend: (Time is in decaauts)
 A = Elapsed time spent in this place.
 B = Non-inter-level travel time spent in this place.
 C = Inter-level travel time spent in this place.
 D = Time resting spent in this place.
 E = Time spent auto-exploring this place.
 F = Levels seen in this place.
 G = Mean time per level.
                   A        B        C        D        E       F      G
               +--------+--------+--------+--------+--------+-----+--------+
         Total |  42692 |  39749 |   2943 |   1659 |  29726 |  29 | 1472.1 |
       Dungeon |  21638 |  20409 |   1229 |    660 |  15974 |  15 | 1442.5 |
        Temple |     27 |     27 |      0 |     25 |      0 |   1 |   27.0 |
          Lair |   8771 |   7746 |   1025 |    103 |   5932 |   6 | 1461.8 |
        Shoals |    135 |    135 |      0 |      0 |     67 |   1 |  135.0 |
     Snake Pit |   6596 |   6035 |    561 |    215 |   4230 |   4 | 1649.0 |
  Orcish Mines |   5523 |   5397 |    126 |    655 |   3522 |   2 | 2761.5 |
               +--------+--------+--------+--------+--------+-----+--------+

Top non-repeatable levels by time:
   Orc:1: 4262 daAuts
    D:11: 2456 daAuts
     D:8: 2331 daAuts
 Snake:4: 2300 daAuts
     D:2: 2205 daAuts
    D:10: 2175 daAuts
     D:9: 2156 daAuts
  Lair:6: 1945 daAuts
 Snake:1: 1737 daAuts
  Lair:4: 1543 daAuts
  Lair:3: 1523 daAuts
    D:14: 1429 daAuts
 Snake:2: 1399 daAuts
  Lair:5: 1318 daAuts
  Lair:1: 1308 daAuts
